 Dungeon Crawl Stone Soup version 0.28-a0-1152-g9c71ebef14 (webtiles) character file.

Game seed: 7778498190826070319

5 spaghetti the Sneak (level 1, 0/14 HPs)
             Began as a Tengu Delver on Dec 14, 2021.
             Slain by an ice beast (1 damage)
             ... on level 6 of the Dungeon.
             The game lasted 00:00:47 (595 turns).

spaghetti the Sneak (Tengu Delver)                   Turns: 595, Time: 00:00:47

Health: 0/14       AC:  4    Str: 12    XL:     1   Next: 80%
Magic:  2/2        EV: 12    Int: 10    God:
Gold:   59         SH:  0    Dex: 15    Spells: 0/0 levels left

rFire   . . .      SeeInvis .   a - +0 falchion {long}
rCold   . . .      Faith    .   (no shield)
rNeg    . . .      Spirit   .   b - +0 leather armour
rPois   .          Reflect  .   (helmet restricted)
rElec   .          Harm     .   d - +0 cloak
rCorr   .          Rampage  .   (no gloves)
Will    .....                   (boots unavailable)
Stlth   +++.......              (no amulet)
HPRegen 0.04/turn               (no ring)
MPRegen 0.08/turn               (no ring)

@: no status effects
A: beak, talons 3
a: no special abilities


You were on level 6 of the Dungeon.
You visited 1 branch of the dungeon, and saw 2 of its levels.

You collected 59 gold pieces.


Innate Abilities, Weirdness & Mutations

You have a beak for a mouth.
You have claws for feet.


   Skills:
 + Level 3.4 Fighting
 - Level 2.1 Long Blades
 - Level 2.1 Dodging
 - Level 5.0 Stealth


You couldn't memorise any spells.
You didn't know any spells.
Your spell library was empty.

Inventory:

Hand Weapons
 a - a +0 falchion (weapon) {long}
Missiles
 i - 11 stones (quivered) {throwing}
Armour
 b - a +0 leather armour (worn)
 d - a +0 cloak (worn)
   (You found it on level 6 of the Dungeon)
Wands
 g - a wand of digging (3)
Scrolls
 c - 2 scrolls of fog
 e - 3 scrolls of fear
 h - 2 scrolls of identify {@r1}
Potions
 f - a potion of haste {@q3}
 j - a potion of invisibility {unknown}
 k - a potion of mutation {unknown}

Dungeon Overview and Level Annotations

Branches:
Dungeon (6/15)
 Temple: D:4-7

Altars:

.. .# #### .# ...#
.# ...# .# ...# .#
...##############Y#
................@.#
...################
...# #.## #.#
#.#... #.##.#
#.##.# #.##.#


You could see an ice beast.


Message History

🤖 Initializing magus.rc ...
Options error: Delay interrupt name "hungry" not recognised. (~/.crawlrc:4771) ✅ Successfully initialized magus.rc [v1.9.6] Welcome, spaghetti the Tengu Delver.
Will you be the one to retrieve the terrific Orb of Zot from the depths?
Press ? for a list of commands and other information.
Found a stone staircase leading down.
An ufetubus comes into view.
The ufetubus shouts!
You closely miss the ufetubus. You claw the ufetubus.
The ufetubus hits you but does no damage.
The ufetubus hits you.
The ufetubus barely misses you. x2 😕 HP[-1]
You take 1 damage, and now have 13/14 hp.
You miss the ufetubus. Your kick misses the ufetubus.
The ufetubus barely misses you. The ufetubus hits you.
The ufetubus closely misses you. x2 😕 HP[-1]
You take 1 damage, and now have 12/14 hp.
You closely miss the ufetubus. The ufetubus hits you. x2 😮 HP[-4]
You take 4 damage, and now have 8/14 hp.
MASSIVE DAMAGE!! (PAUSE)
You hit the ufetubus. The ufetubus hits you.
* * * LOW HITPOINT WARNING * * *
The ufetubus closely misses you. The ufetubus hits you.
* * * LOW HITPOINT WARNING * * *
The ufetubus misses you. 😱 HP[-5]
You take 5 damage, and now have 3/14 hp.
MASSIVE DAMAGE!! (PAUSE)
You slash the ufetubus!
You kill the ufetubus!
Unknown command.
You start resting. 😎 HP[+11]
Your hp is fully restored (14).
You now have 8 gold pieces.
You now have 20 gold pieces (gained 12).
You now have 34 gold pieces (gained 14).
h - a scroll labelled ZUGRYT QAEVAA
As you read the scroll labelled ZUGRYT QAEVAA, it crumbles to dust.
It is a scroll of identify.
You don't have any unidentified items.
Unknown command.
h - 2 scrolls of identify {@r1} You now have 46 gold pieces (gained 12). 2 wights come into view.
There are monsters nearby!
Okay, then.
Unknown command.
Unknown command.
Really walk into that dispersal trap?
You enter a dispersal trap!
The wight blinks!
You blink.
Really read
d - a scroll of magic mapping {!r}?
As you read the scroll of magic mapping {!r}, it crumbles to dust.
You feel aware of your surroundings.
Unknown command.
(D) Dungeon
Where to? (? - help)
A wight is nearby!
Unknown command.
There is a stone staircase leading down here.
You climb downwards.
There is a stone staircase leading up here.
Unknown command.
Unknown command.
Unknown command.
d - a +0 cloak
There are no items here.
You start putting on your armour.
You continue putting on your +0 cloak. x4
You finish putting on your +0 cloak.
c - 2 scrolls of fog (gained 1)
You now have 59 gold pieces (gained 13).
i - a green potion It was a potion of might.
You feel very mighty all of a sudden.
i - 11 stones {throwing} You feel a little less mighty now.
j - a lumpy dark potion
k - a fuming white potion
e - 3 scrolls of fear (gained 2)
An ice beast comes into view.
You hit the ice beast.
You claw the ice beast, but do no damage.
Your peck misses the ice beast. The ice beast hits you.
The ice beast freezes you!
Ouch! That really hurt!
* * * LOW HITPOINT WARNING * * *
The ice beast hits you.
You die...

Action                   || total
-------------------------++-------
Melee: Falchion          ||     6
       Kick              ||     2
  Use: Scroll            ||     2
       Potion            ||     1
Armor: Leather armour    ||     1
Dodge: Dodged            ||     7

Levels and vault maps discovered:
D:5:      kennysheep_spiral_hall, layout_rooms, uniq_prince_ribbit1
D:6:      layout_basic, serial_shops, nicolae_shop_overgrown_old_shop, shop,
          shop, shop, eino_small_chamber_without_monster,
          ebering_dispersal_statue_hall

Notes
Turn   | Place    | Note
-------+----------+-------------------------------------------
     0 | D:5      | spaghetti the Tengu Delver began the quest for the Orb.
     0 | D:5      | Reached XP level 1. HP: 14/14 MP: 2/2
     0 | D:5      | magus.rc [v1.9.6]
    11 | D:5      | HP: 3/14 [ufetubus (1)]
   404 | D:5      | Noticed a wight
   404 | D:5      | Noticed a wight
   593 | D:6      | Noticed an ice beast
   595 | D:6      | HP: 1/14 [ice beast (11)]
   595 | D:6      | Slain by an ice beast

Vanquished Creatures
  An ufetubus (D:5)
1 creature vanquished.

Table legend:
 A = Non-vault XP
 B = Vault XP
 C = Vault XP percentage of total XP
 D = Non-vault monster count
 E = Vault monster count
 F = Vault count percentage of total count
                 A         B        C        D         E       F
            +---------+---------+-------+---------+---------+-------
      Total |       8 |       0 |   0.0 |       1 |       0 |   0.0
            +---------+---------+-------+---------+---------+-------
        D:5 |       8 |       0 |   0.0 |       1 |       0 |   0.0
            +---------+---------+-------+---------+---------+-------

Illustrated notes

Table legend:
 A = Kills in this place as a percentage of kills in entire the game.
 B = Kills by you in this place as a percentage of kills by you in the entire game.
 C = Kills by friends in this place as a percentage of kills by friends in the entire game.
 D = Other kills in this place as a percentage of other kills in the entire game.
 E = Experience gained in this place as a percentage of experience gained in the entire game.
 F = Experience gained in this place divided by the number of levels of this place that you have seen.
                   A       B       C       D       E      F
               +-------+-------+-------+-------+-------+----------------------
         Total | 100.0 | 100.0 |   N/A |   N/A | 100.0 |   4.0
       Dungeon | 100.0 | 100.0 |   N/A |   N/A | 100.0 |   4.0
               +-------+-------+-------+-------+-------+----------------------

Table legend: (Time is in decaauts)
 A = Elapsed time spent in this place.
 B = Non-inter-level travel time spent in this place.
 C = Inter-level travel time spent in this place.
 D = Time resting spent in this place.
 E = Time spent auto-exploring this place.
 F = Levels seen in this place.
 G = Mean time per level.
                   A        B        C        D        E       F      G
               +--------+--------+--------+--------+--------+-----+--------+
         Total |    595 |    593 |      2 |    261 |    258 |   2 |  297.5 |
       Dungeon |    595 |    593 |      2 |    261 |    258 |   2 |  297.5 |
               +--------+--------+--------+--------+--------+-----+--------+

Top non-repeatable levels by time:
     D:5: 450 daAuts
     D:6: 145 daAuts
